 Dungeon Crawl Stone Soup version 0.31-a0-446-g07c4bd200f (webtiles) character file.

Game seed: 543154415882790015

268 Conn the Firebug (level 6, -6/37 HPs)
             Began as an Octopode Fire Elementalist on Aug 3, 2023.
             Was an Initiate of Sif Muna.
             Mangled by Duvessa
             ... wielding a +0 short sword
              (10 damage)
             ... on level 4 of the Dungeon.
             The game lasted 00:08:34 (3591 turns).

Conn the Firebug (Octopode Fire Elementalist)       Turns: 3591, Time: 00:08:36

Health: -6/37      AC:  1    Str:  8    XL:     6   Next: 21%
Magic:  2/11       EV: 13    Int: 19    God:    Sif Muna [......]
Gold:   280        SH:  0    Dex: 12    Spells: 5/11 levels left

rFire   . . .        f - +0 dagger
rCold   . . .        (no shield)
rNeg    . . .        (helmet restricted)
rPois   .            (no amulet)
rElec   .            c - ring of willpower
rCorr   .            (no ring)
SInv    .            (no ring)
Will    +....        (no ring)
Stlth   +++          (no ring)
HPRegen 0.26/turn    (no ring)
MPRegen 0.12/turn    (no ring)
                     (no ring)

%: no passive effects
@: no status effects
A: almost no armour, amphibious, 8 rings, camouflage 1, gelatinous body 1,
(nimble swimmer 1), tentacles
a: Renounce Religion


You were on level 4 of the Dungeon.
You worshipped Sif Muna.
Sif Muna was noncommittal.
You visited 1 branch of the dungeon, and saw 4 of its levels.

You collected 280 gold pieces.

Inventory:

Hand Weapons
 f - a +0 dagger (weapon)
Jewellery
 c - a ring of willpower (left tentacle)
 l - a ring of ice
Wands
 b - a wand of acid (7)
Scrolls
 e - a scroll of torment {unknown}
 g - 3 scrolls of blinking {unknown}
 i - a scroll of identify
 j - a scroll of enchant weapon {unknown}
 k - a scroll of fog {unknown}
Potions
 d - 2 potions of curing
 h - a potion of attraction


   Skills:
 + Level 0.5 Fighting
 + Level 2.3 Dodging
 + Level 3.6 Stealth
 + Level 0.4 Unarmed Combat
 + Level 3.4 Spellcasting
 + Level 2.4 Conjurations
 + Level 0.1 Hexes
 + Level 4.7 Fire Magic


You had 5 spell levels left.
You knew the following spells:

 Your Spells              Type           Power      Damage    Failure   Level
a - Foxfire               Conj/Fire      68%        2x1d7     3%          1
b - Scorch                Fire           42%        2d6       3%          2
c - Inner Flame           Hex/Fire       12%        N/A       16%         3

Your spell library contained the following spells:

 Spells                   Type           Power      Damage    Failure   Level
 Magic Dart               Conj           48%        1d5       5%          1
 Searing Ray              Conj           24%        2d5       9%          2
 Freeze                   Ice            12%        1d3       14%         1
 Volatile Blastmotes      Fire/Tloc      24%        2d12      17%         3
 Hailstorm                Conj/Ice       7%         3d4       26%         3
 Flame Wave               Conj/Fire      17%        2d7       32%         4
 Frozen Ramparts          Ice            6%         1d1       41%         3
 Gell's Gravitas          Tloc           3%         N/A       41%         3
 Teleport Other           Tloc           3%         N/A       41%         3
 Fulminant Prism          Conj/Hex       4%         3d5       63%         4
 Petrify                  Tmut/Erth      3%         N/A       82%         4
 Metabolic Englaciation   Hex/Ice        1%         N/A       98%         5
 Dispersal                Tloc           1%         N/A       100%        6


Dungeon Overview and Level Annotations

Branches:
Dungeon (4/15)
 Temple: D:4-7

Altars:
Sif Muna

Shops:
D:2 [

Annotations:
D:4 Dowan, Duvessa


Innate Abilities, Weirdness & Mutations

You cannot wear most types of armour.
You are amphibious.
You can wear up to eight rings at the same time.
Your skin changes colour to match your surroundings (Stealth+).
Your rubbery body absorbs attacks. (AC +1, EV +1)
((You are camouflaged when in or above water. (Stealth+)))
You have tentacles for arms and can constrict up to eight enemies at once.


Message History

The endoplasm jiggles.
Duvessa completely misses you.
Casting: Scorch (safe; 3% risk of failure)
Confirm with . or Enter, or press ? or * to list all spells.
Flames lash Duvessa.
Duvessa is burned terribly!
Duvessa is severely wounded.
Duvessa hits you with a +0 short sword!
Unknown command.
Casting: Scorch (safe; 3% risk of failure)
Confirm with . or Enter, or press ? or * to list all spells.
Flames lash the endoplasm.
You kill the endoplasm!
Sif Muna accepts your kill.
Duvessa hits you with a +0 short sword. x2
Unknown command.
Casting: Scorch (safe; 3% risk of failure)
Confirm with . or Enter, or press ? or * to list all spells.
Flames lash Dowan.
Dowan is moderately wounded.
Dowan's fire resistance burns away.
Duvessa barely misses you.
Unknown command.
Casting: Scorch (safe; 3% risk of failure)
Confirm with . or Enter, or press ? or * to list all spells.
Flames lash Dowan.
Dowan is burned terribly!
Dowan is severely wounded.
Duvessa hits you with a +0 short sword!
* * * LOW HITPOINT WARNING * * *
Duvessa barely misses you.
Okay, then.
Okay, then.
Unknown command.
Unknown command.
Casting: Scorch (safe; 3% risk of failure)
Confirm with . or Enter, or press ? or * to list all spells.
Flames lash Duvessa.
Duvessa is burned terribly!
Duvessa is almost dead.
Dowan hits you with a +0 dagger.
* * * LOW HITPOINT WARNING * * *
Duvessa hits you with a +0 short sword!
You die...

.... . ... .> ... .
..##. #.... ....
#.#.# ..# . ..
#.#.# ..##.# #.#
##.#.## ....#
##.###.....# ..##.#
##......e.#.# #.#
.###.......@e..#
#.#
##.#.......#.######
...
..................#
#.##
#.........#.####.#
.# #...........# #
#.........###
#.......#.######
#...............
##.....#.#######


You could see Duvessa (fast, combustible) and Dowan (combustible).

Vanquished Creatures
  An ice beast (D:4)
  A scorpion (D:4)
  Ijyb (D:3)
  2 adders
  2 worms (D:2)
  4 dart slugs
  An orc (D:4)
  6 ball pythons
  3 bats
  5 endoplasms
  4 giant cockroaches
  4 goblins
  9 hobgoblins
  2 quokkas (D:1)
  5 frilled lizards
  7 kobolds
  3 rats
60 creatures vanquished.

Vanquished Creatures (others)
  196 foxfires
196 creatures vanquished.

Grand Total: 256 creatures vanquished

Notes
Turn   | Place    | Note
-------+----------+-------------------------------------------
     0 | D:1      | Conn the Octopode Fire Elementalist began the quest for the
                  | Orb.
     0 | D:1      | Reached XP level 1. HP: 11/11 MP: 3/3
   208 | D:1      | Reached XP level 2. HP: 17/17 MP: 1/5
   554 | D:1      | Reached XP level 3. HP: 5/21 MP: 1/6
  1390 | D:2      | Found Eqamuut Hua's Antique Armour Shop.
  1446 | D:2      | Reached XP level 4. HP: 10/27 MP: 3/7
  1530 | D:2      | Found a shimmering blue altar of Sif Muna.
  1539 | D:2      | Became a worshipper of Sif Muna the Loreminder
  2021 | D:3      | Noticed Ijyb
  2097 | D:4      | Learned a level 2 spell: Scorch
  2101 | D:4      | Learned a level 3 spell: Inner Flame
  2125 | D:3      | Reached skill level 4 in Fire Magic
  2838 | D:3      | Killed Ijyb
  3134 | D:4      | Noticed a small abomination
  3149 | D:4      | Noticed a scorpion
  3162 | D:4      | Killed a scorpion
  3163 | D:4      | Reached XP level 5. HP: 24/32 MP: 1/9
  3192 | D:4      | Noticed an ice beast
  3274 | D:4      | Killed an ice beast
  3275 | D:4      | Reached XP level 6. HP: 37/37 MP: 2/10
  3579 | D:4      | Noticed Duvessa
  3583 | D:4      | Noticed Dowan
  3591 | D:4      | Mangled by Duvessa

Illustrated notes

Levels and vault maps discovered:
D:1:      lightli_arrival_maybe_door_vault, layout_loops_ring,
          grunt_decor_fettered, minmay_close_crescents
D:2:      layout_basic, basic_altar, serial_shops, shop
D:3:      layout_basic, kennysheep_doodads, uniq_ijyb
D:4:      layout_loops_ring, serial_shops, nicolae_book_shop_shelving,
          gammafunk_ghost_abyssal_escape, uniq_duvessa

Skill      XL: |  1  2  3  4  5 |
---------------+----------------+-----
Stealth        | 3 |  3.6
Fire Magic     | 4 |  4.7
Conjurations   | 2 |  2.4
Spellcasting   | 3 |  3.4
Fighting       | |  0.5
Dodging        | |  2.3
Unarmed Combat | |  0.4
Hexes          | |  0.1

Action                     |  1- 3 |  4- 6 || total
---------------------------+-------+-------++-------
  Melee: Unarmed           |    31 |     2 ||    33
         Tentacles         |    14 |     2 ||    16
         Constrict         |    11 |     4 ||    15
         Dagger            |       |     9 ||     9
   Cast: Foxfire           |    66 |    53 ||   119
         Scorch            |       |    12 ||    12
         Inner Flame       |       |     2 ||     2
    Use: Scroll            |     4 |     2 ||     6
         Potion            |       |     3 ||     3
 Armour: Skin              |     2 |       ||     2
  Dodge: Dodged            |    40 |    11 ||    51

Table legend: (Time is in decaauts)
 A = Elapsed time spent in this place.
 B = Non-inter-level travel time spent in this place.
 C = Inter-level travel time spent in this place.
 D = Time resting spent in this place.
 E = Time spent auto-exploring this place.
 F = Levels seen in this place.
 G = Mean time per level.
                   A        B        C        D        E       F      G
               +--------+--------+--------+--------+--------+-----+--------+
         Total |   3590 |   3528 |     62 |     53 |   2659 |   4 |  897.5 |
       Dungeon |   3590 |   3528 |     62 |     53 |   2659 |   4 |  897.5 |
               +--------+--------+--------+--------+--------+-----+--------+

Top non-repeatable levels by time:
     D:3: 1185 daAuts
     D:1: 1050 daAuts
     D:2: 781 daAuts
     D:4: 573 daAuts
